 Dungeon Crawl Stone Soup version 0.22.0-27-ga576289 (webtiles) character file.

17360 shmeve the Cleaver (level 12, 0/113 HPs)
             Began as a Minotaur Berserker on Aug 22, 2018.
             Was a High Priest of Trog.
             Slain by a crocodile (2 damage)
             ... on level 13 of the Dungeon.
             The game lasted 00:26:11 (11758 turns).

shmeve the Cleaver (Minotaur Berserker)            Turns: 11758, Time: 00:26:13

Health: 0/113      AC: 24    Str: 26    XL:     12   Next: 18%
Magic:  11/11      EV: 11    Int:  6    God:    Trog [*****.]
Gold:   706        SH:  0    Dex: 11    Spells: 11/11 levels left

rFire    . . .     SeeInvis .   F - +0 broad axe
rCold    . . .     Gourm    .   (no shield)
rNeg     . . .     Faith    .   A - +7 plate armour {ponderous}
rPois    .         Spirit   .   (helmet restricted)
rElec    .         Reflect  .   f - scarf {repulsion}
rCorr    .         Harm     +   r - +1 pair of gloves
MR       ++...                  x - +0 pair of boots (curse)
Stlth    ..........             v - amulet of harm
HPRegen  1.28/turn              o - +2 ring of intelligence
MPRegen  0.12/turn              (no ring)

@: about to teleport, berserk cooldown, regenerating, slowed, repel missiles,
very slow
A: retaliatory headbutt, horns 2
a: Berserk, Trog's Hand, Brothers in Arms, Renounce Religion


You were on level 13 of the Dungeon.
You worshipped Trog.
Trog was extremely pleased with you.
You were very hungry.

You visited 2 branches of the dungeon, and saw 14 of its levels.

You collected 706 gold pieces.

Inventory:

Hand Weapons
 F - a +0 broad axe (weapon)
Missiles
 I - a javelin (quivered)
 J - 8 javelins of returning
Armour
 f - a scarf of repulsion (worn)
 r - a +1 pair of gloves (worn)
 x - a cursed +0 pair of boots (worn)
 z - a +0 plate armour
 A - a +7 plate armour of ponderousness (worn)
Jewellery
 o - a +2 ring of intelligence (left hand)
 v - an amulet of harm (around neck)
Wands
 y - a wand of acid (8)
Scrolls
 a - a scroll of enchant armour {unknown}
 e - 2 scrolls of fear
 h - 6 scrolls of teleportation
 l - 6 scrolls of identify
 m - 9 scrolls of remove curse
 t - 3 scrolls of blinking {unknown}
 w - 2 scrolls of fog {unknown}
 C - 3 scrolls of enchant weapon {unknown}
 E - a scroll of noise {unknown}
 G - 3 scrolls of magic mapping {unknown}
 K - 2 scrolls of vulnerability {unknown}
Potions
 b - 3 potions of magic {unknown}
 d - 2 potions of cancellation {unknown}
 g - 7 potions of curing {unknown}
 i - a potion of degeneration {unknown}
 j - 3 potions of lignification {unknown}
 k - 2 potions of resistance {unknown}
 n - a potion of heal wounds {unknown}
 p - 4 potions of invisibility {unknown}
 q - 5 potions of brilliance {unknown}
 s - 2 potions of agility {unknown}
 u - a potion of berserk rage {unknown}
 B - a potion of might {unknown}
Comestibles
 c - 24 rations
 D - 7 chunks of flesh


   Skills:
 * Level 12.3 Fighting
 * Level 12.4 Axes
 * Level 10.2 Throwing
 + Level 8.8 Armour
 + Level 8.1 Dodging


You had 11 spell levels left.
You didn't know any spells.
Your spell library was empty.

Dungeon Overview and Level Annotations

Branches:
Dungeon (13/15)            Temple (1/1) D:7            Lair (0/6) D:11
    Orc (0/2) D:9
 Vaults: D:13-14

Altars:
Cheibriados
Elyvilon
Fedhas
Gozag
Hepliaklqana
Kikubaaqudgha
Makhleb
Okawaru
Qazlal
Sif Muna
Uskayaw
Wu Jian
Xom
Yredelemnul
Zin
The Shining One

Shops:
D:10 *   D:11 :}((=


Innate Abilities, Weirdness & Mutations

You reflexively headbutt those who attack you in melee.
You have a pair of horns on your head.


Message History

* * * LOW HITPOINT WARNING * * *
The eight-headed hydra bites you but does no damage.
The eight-headed hydra closely misses you.
The eight-headed hydra bites you but does no damage. x3
The crocodile bites you but does no damage.
The great orb of eyes closely misses you.
You furiously retaliate!
You headbutt the great orb of eyes!
As you read the scroll of teleportation, it crumbles to dust.
You feel strangely unstable. The eight-headed hydra bites you.
* * * LOW HITPOINT WARNING * * *
The eight-headed hydra bites you but does no damage.
The eight-headed hydra bites you.
* * * LOW HITPOINT WARNING * * *
The eight-headed hydra bites you.
* * * LOW HITPOINT WARNING * * *
The eight-headed hydra bites you but does no damage.
The eight-headed hydra closely misses you.
The eight-headed hydra bites you but does no damage. x2
The crocodile bites you.
You die...

####.... .).. .......# ### ....
#####.>....# ..# . ....
##...##.....# ...#.. ....
#[.(..#.....# .#... #.....
#.....#.....###.#####.###.....
##...##.....#(..#.<.# ..#.....
#...#......tGDD..<.. .......
#..........#@)p#.<.# #.....
##.........###)##### #..>..
#.######..# .#... #..... #.#
#..# t..#.. #..... #.# #..# (.#
. #..### #.#
#..#############..# ######.#
#.................#
.......######.................#
..............................#


You could see a fire dragon, an eight-headed hydra, a great orb of eyes, a human
shaped shifter and a crocodile.

Vanquished Creatures
  A hydra (D:13)
  A centaur warrior (D:13)
  Erica (D:9)
  2 two-headed ogres (D:11)
  Urug (D:10)
  Nergalle (D:10)
  A wolf spider zombie (D:13)
  2 manticores (D:11)
  An ugly thing (D:10)
  A cyclops (D:11)
  Joseph (D:10)
  Psyche (D:8)
  A gargoyle (D:12)
  2 trolls
  A hornet (D:9)
  A hippogriff (D:7)
  A spriggan (D:7)
  22 yaks
  Eustachio (D:6)
  Grum (D:8)
  2 hungry ghosts
  3 wargs (D:11)
  A soldier ant (D:13)
  A water moccasin (D:8)
  2 ice beasts
  A phantom (D:5)
  7 orc warriors
  4 sky beasts
  A necrophage (D:6)
  8 ogres
  3 wolves (D:8)
  A crocodile (D:10)
  A big kobold (D:8)
  5 centaurs
  3 bullfrogs
  4 scorpions
  3 howler monkeys
  4 crimson imps
  3 bullfrog zombies
  A centaur zombie (D:7)
  2 quasits
  2 jellies
  8 orc wizards
  5 bullfrog skeletons
  12 orc priests
  5 hounds
  An iguana (D:9)
  5 worker ants
  A hound zombie (D:7)
  A hound skeleton (D:8)
  A howler monkey zombie (D:7)
  2 worker ant zombies
  3 gnolls (D:6)
  A howler monkey skeleton (D:11)
  9 adders
  3 shadow imps
  2 oozes
  3 worms
  4 dart slugs
  4 leopard geckos
  47 orcs
  6 giant cockroaches
  8 goblins
  8 hobgoblins
  17 jackals
  5 quokkas
  11 bats
  5 frilled lizards
  A jackal skeleton (D:7)
  11 kobolds
  9 rats
304 creatures vanquished.

Vanquished Creatures (others)
  A wolf (D:8)
  A hound (D:11)
  An orc wizard (D:13)
3 creatures vanquished.

Grand Total: 307 creatures vanquished

Notes
Turn   | Place    | Note
-------+----------+-------------------------------------------
     0 | D:1      | shmeve the Minotaur Berserker began the quest for the Orb.
     0 | D:1      | Reached XP level 1. HP: 19/19 MP: 0/0
   252 | D:1      | Reached XP level 2. HP: 27/27 MP: 1/1
   360 | D:1      | Reached skill level 1 in Throwing
   734 | D:1      | Reached XP level 3. HP: 32/33 MP: 2/2
   759 | D:1      | Reached ** piety under Trog
  1715 | D:2      | Reached XP level 4. HP: 41/41 MP: 3/3
  2340 | D:3      | Found an iron altar of Okawaru.
  2653 | D:3      | Reached *** piety under Trog
  2938 | D:3      | Found an ornate altar of the Wu Jian Council.
  3249 | D:4      | Found an opulent altar of Gozag.
  3264 | D:4      | Reached XP level 5. HP: 45/47 MP: 4/4
  3389 | D:4      | Reached skill level 5 in Fighting
  3395 | D:4      | Reached skill level 5 in Axes
  3502 | D:4      | Noticed an ogre
  3509 | D:4      | Killed an ogre
  3509 | D:4      | Reached XP level 6. HP: 56/56 MP: 5/5
  4061 | D:5      | Entered Level 5 of the Dungeon
  4099 | D:5      | Reached XP level 7. HP: 51/62 MP: 6/6
  4117 | D:5      | Found a shimmering altar of Xom.
  4120 | D:5      | Noticed an angel
  4122 | D:5      | Found a glowing silver altar of Zin.
  5030 | D:6      | Received a gift from Trog
  5037 | D:6      | Reached XP level 8. HP: 71/71 MP: 7/7
  5219 | D:6      | Found a deep blue altar of Sif Muna.
  5221 | D:6      | Found a white marble altar of Elyvilon.
  5221 | D:6      | Found a burning altar of Makhleb.
  5222 | D:6      | Found a stormy altar of Qazlal.
  5222 | D:6      | Noticed Eustachio
  5223 | D:6      | Found a hide-covered altar of Uskayaw.
  5223 | D:6      | Found a hazy altar of Hepliaklqana.
  5239 | D:6      | Killed Eustachio
  5270 | D:6      | Reached skill level 5 in Throwing
  5554 | D:6      | Reached skill level 5 in Armour
  5655 | D:7      | Found a snail-covered altar of Cheibriados.
  5664 | D:7      | Noticed a hippogriff
  5669 | D:7      | Killed a hippogriff
  5674 | D:7      | Reached XP level 9. HP: 81/81 MP: 8/8
  5870 | D:7      | Reached skill level 5 in Dodging
  6107 | D:7      | Found a staircase to the Ecumenical Temple.
  6109 | D:7      | Reached **** piety under Trog
  6128 | Temple   | Entered the Ecumenical Temple
  6413 | D:8      | Found a basalt altar of Yredelemnul.
  6889 | D:8      | Received a gift from Trog
  7273 | D:8      | Found a blossoming altar of Fedhas.
  7274 | D:8      | Found an ancient bone altar of Kikubaaqudgha.
  7274 | D:8      | Noticed Psyche
  7278 | D:8      | Killed Psyche
  7351 | D:8      | Found a glowing golden altar of the Shining One.
  7351 | D:8      | Noticed Grum
  7357 | D:8      | Noticed an angel
  7361 | D:8      | Killed Grum
  7495 | D:9      | Noticed Erica
  7525 | D:9      | Killed Erica
  7525 | D:9      | Reached XP level 10. HP: 34/91 MP: 9/9
  7839 | D:9      | Paralysed by a hornet for 3 turns
  8228 | D:9      | Reached skill level 10 in Fighting
  8228 | D:9      | Reached skill level 10 in Axes
  8234 | D:9      | Found a staircase to the Orcish Mines.
  8235 | D:9      | Reached ***** piety under Trog
  8644 | D:10     | Entered Level 10 of the Dungeon
  8789 | D:10     | Noticed Joseph
  8807 | D:10     | Killed Joseph
  9169 | D:10     | Found Nuimait's Assorted Antiques.
  9177 | D:10     | Noticed Urug
  9185 | D:10     | Killed Urug
  9289 | D:10     | Noticed a brown ugly thing
  9297 | D:10     | Reached XP level 11. HP: 86/101 MP: 10/10
  9299 | D:10     | Killed a brown ugly thing
  9302 | D:10     | Received a gift from Trog
  9723 | D:10     | Noticed Nergalle
  9734 | D:10     | Killed Nergalle
 10106 | D:11     | Noticed a two-headed ogre
 10110 | D:11     | Killed a two-headed ogre
 10149 | D:11     | Found Sabipt's Weapon Shop.
 10177 | D:11     | Noticed a two-headed ogre
 10179 | D:11     | Found a staircase to the Lair.
 10187 | D:11     | Killed a two-headed ogre
 10187 | D:11     | Received a gift from Trog
 10478 | D:11     | Found Fodwiugo's Book Shoppe.
 10555 | D:11     | Found Sizevyi's Gadget Boutique.
 10603 | D:11     | Found Pitydum's Jewellery Shop.
 10868 | D:11     | Found Sevur's Weapon Emporium.
 11367 | D:12     | Reached XP level 12. HP: 112/112 MP: 11/11
 11649 | D:13     | Received a gift from Trog
 11693 | D:13     | Reached skill level 10 in Throwing
 11733 | D:13     | Noticed a four-headed hydra
 11734 | D:13     | Noticed a centaur warrior
 11734 | D:13     | Noticed a great orb of eyes
 11740 | D:13     | Killed a four-headed hydra
 11745 | D:13     | Noticed an eight-headed hydra
 11746 | D:13     | Killed a centaur warrior
 11750 | D:13     | Noticed a fire dragon
 11758 | D:13     | HP: 2/113 [eight-headed hydra (6)]
 11758 | D:13     | Slain by a crocodile

Skill      XL: |  1  2  3  4  5  6  7  8  9 10 11 12 |
---------------+-------------------------------------+-----
Fighting       | 4 5 6 7 9 10 12 | 12.3
Axes           | 4 5 6 7 9 10 12 | 12.4
Throwing       | 1 2 3 4 5 7 8 9 10 | 10.2
Armour         | 3 4 5 6 7 8 |  8.8
Dodging        | 3 4 5 6 7 8 |  8.1

Action                   |  1- 3 |  4- 6 |  7- 9 | 10-12 || total
-------------------------+-------+-------+-------+-------++-------
Melee: Hand axe          |    77 |    79 |       |       ||   156
       Headbutt          |    13 |    14 |    47 |    50 ||   124
       War axe           |       |    39 |   231 |    36 ||   306
       Broad axe         |       |       |       |   215 ||   215
Throw: Tomahawk          |       |       |     9 |    15 ||    24
       Javelin           |       |       |       |    26 ||    26
Invok: Berserk           |     1 |       |     3 |     8 ||    12
       Trog's Hand       |       |       |     1 |     3 ||     4
  Use: Scroll            |       |     4 |     3 |     1 ||     8
  Eat: Chunk             |     4 |     6 |     9 |    22 ||    41
       Ration            |       |       |     2 |       ||     2
Armor: Animal skin       |    28 |       |       |       ||    28
       Chain mail        |     5 |    83 |    51 |       ||   139
       Plate armour      |       |       |    98 |   260 ||   358
Dodge: Dodged            |    60 |    70 |   121 |   173 ||   424
       Deflected         |       |     4 |     9 |    11 ||    24
